 Dungeon Crawl Stone Soup version 0.25.1-1-g288607f5aa (webtiles) character file.

Game seed: 16071939123079518163

132 Elvor the Bolt Thrower (level 4, 0/38 HPs)
             Began as a Minotaur Hunter on July 21, 2020.
             Slain by a gnoll
             ... wielding a +0 halberd
              (12 damage)
             ... on level 3 of the Dungeon.
             The game lasted 00:14:32 (1528 turns).

Elvor the Bolt Thrower (Minotaur Hunter)            Turns: 1528, Time: 00:14:33

Health: 0/38       AC:  5    Str: 18    XL:     4   Next: 92%
Magic:  3/3        EV: 11    Int:  8    God:
Gold:   175        SH:  0    Dex: 10    Spells: 3/3 levels left

rFire    . . .     SeeInvis .   b - +0 short sword
rCold    . . .     Gourm    .   (no shield)
rNeg     . . .     Faith    .   n - +0 ring mail (curse)
rPois    .         Spirit   .   (helmet restricted)
rElec    .         Reflect  .   (no cloak)
rCorr    .         Harm     .   (no gloves)
MR       .....                  (no boots)
Stlth    +.........             (no amulet)
HPRegen  0.12/turn              r - ring of flight
MPRegen  0.08/turn              (no ring)

@: no status effects
A: retaliatory headbutt, horns 2
a: Evoke Flight


You were on level 3 of the Dungeon.
You were not hungry.

You visited 1 branch of the dungeon, and saw 3 of its levels.

You collected 175 gold pieces.

Inventory:

Hand Weapons
 a - a +1 hand crossbow
 b - a +0 short sword (weapon)
Missiles
 d - a bolt
 t - 2 poisoned darts (quivered)
Armour
 n - a cursed +0 ring mail (worn)
Jewellery
 r - a ring of flight (left hand)
Scrolls
 c - 2 scrolls of teleportation {unknown}
 h - 2 scrolls of identify {unknown}
 i - 2 scrolls of remove curse {unknown}
 k - a scroll of magic mapping {unknown}
 m - a scroll of amnesia {unknown}
 p - a scroll of enchant armour {unknown}
Potions
 e - a potion of flight {unknown}
 j - 2 potions of magic {unknown}
 l - 2 potions of curing {unknown}
 o - a potion of might {unknown}
 q - a potion of ambrosia {unknown}
 s - a potion of heal wounds {unknown}
Comestibles
 f - 5 rations
 g - 6 chunks of flesh


   Skills:
 * Level 3.3 Fighting
 + Level 1.3 Short Blades
 + Level 6.0 Crossbows
 + Level 0.8 Armour
 + Level 2.3 Dodging
 + Level 1.2 Stealth


You had 3 spell levels left.
You didn't know any spells.
Your spell library was empty.

Dungeon Overview and Level Annotations

Branches:
Dungeon (3/15)

Altars:


Innate Abilities, Weirdness & Mutations

You reflexively headbutt those who attack you in melee.
You have a pair of horns on your head.


Message History

The gnoll barely misses you. The gnoll hits you with a +0 spear.
The gnoll barely misses you. You furiously retaliate!
You headbutt the gnoll.
Some of the chunks of flesh in your inventory have rotted away.
There is an open door, spattered with blood here.
Things that are here:
a +0 club; a gnoll corpse You completely miss the gnoll.
The gnoll hits you but does no damage. The gnoll hits you with a +0 halberd!
You barely miss the gnoll. You headbutt the gnoll.
The gnoll is severely wounded.
The gnoll barely misses you. You furiously retaliate!
You headbutt the gnoll. The gnoll barely misses you.
You closely miss the gnoll.
The gnoll is severely wounded.
The gnoll hits you with a +0 spear.
You barely miss the gnoll. Your headbutt misses the gnoll.
The gnoll is severely wounded.
The gnoll hits you with a +0 halberd!
You die...

..<.# #.. ...
....# ###.###...
....# # ##.#.....
....# ##.
##..#..# ....+
... ##..)'..#
....#
###'####....#..#
....#
#.....#.....#..#
..รท.#
.#..(.g#....##..#
....#
.'($((.@...###..#
....#
.#..!.g#..## #..#
....# #(.(..#.##
#..# ....#
###+##### #..#
##..+ +..# #..#
#..# #..# #..#
#..# #.## ##.#
#.#


You could see 2 gnolls.

Vanquished Creatures
  A gnoll (D:3)
  4 adders
  An ooze (D:1)
  2 worms (D:2)
  A dart slug (D:1)
  A leopard gecko (D:3)
  4 orcs (D:3)
  4 bats
  6 giant cockroaches
  8 goblins
  11 hobgoblins
  2 jackals (D:3)
  5 frilled lizards
  8 kobolds
  9 rats
67 creatures vanquished.

Notes
Turn   | Place    | Note
-------+----------+-------------------------------------------
     0 | D:1      | Elvor the Minotaur Hunter began the quest for the Orb.
     0 | D:1      | Reached XP level 1. HP: 18/18 MP: 0/0
   173 | D:1      | Reached XP level 2. HP: 25/25 MP: 1/1
   206 | D:1      | Reached skill level 5 in Crossbows
   430 | D:2      | Reached XP level 3. HP: 30/30 MP: 2/2
   887 | D:2      | Reached XP level 4. HP: 38/38 MP: 3/3
   921 | D:2      | Reached skill level 1 in Stealth
  1290 | D:3      | Reached skill level 1 in Short Blades
  1523 | D:3      | Reached skill level 6 in Crossbows
  1528 | D:3      | Slain by a gnoll

Illustrated notes

Levels and vault maps discovered:
D:1:      minmay_arrival_hallway, layout_rooms
D:2:      minmay_inner_zag, layout_basic, first_ration
D:3:      layout_basic, minmay_quadrilaterals

Skill      XL: |  1  2  3  4 |
---------------+-------------+-----
Crossbows      | 5 6 |  6.0
Fighting       | 3 |  3.3
Stealth        | 1 |  1.2
Short Blades   | 1 |  1.3
Armour         | |  0.8
Dodging        | |  2.3

Action                   |  1- 3 |  4- 6 || total
-------------------------+-------+-------++-------
Melee: Short sword       |     8 |    27 ||    35
       Headbutt          |     1 |     6 ||     7
 Fire: Hand crossbow     |    78 |    43 ||   121
Throw: Dart              |       |     6 ||     6
  Eat: Chunk             |       |     2 ||     2
Armor: Leather armour    |     4 |       ||     4
       Ring mail         |       |     5 ||     5
Dodge: Dodged            |    17 |    23 ||    40
